 Dungeon Crawl Stone Soup version 0.31-a0-202-g547052bce9 (webtiles) character file.

Game seed: 6262691748157156122

43 qw the Shooter (level 3, -5/20 HPs)
             Began as a Deep Elf Hunter on June 26, 2023.
             Slain by Natasha (7 damage)
             ... on level 2 of the Dungeon.
             The game lasted 00:00:25 (1072 turns).

qw the Shooter (Deep Elf Hunter)                    Turns: 1072, Time: 00:00:26

Health: -5/20      AC:  5    Str: 10    XL:     3   Next: 37%
Magic:  5/5        EV: 11    Int: 13    God:
Gold:   80         SH:  0    Dex: 18    Spells: 2/2 levels left

rFire   . . .        Y - +0 shortbow
rCold   . . .        (shield currently unavailable)
rNeg    . . .        g - +0 ring mail
rPois   .            (no helmet)
rElec   .            (no cloak)
rCorr   .            (no gloves)
SInv    .            (no boots)
Will    .....        (no amulet)
Stlth   +            (no ring)
HPRegen 0.23/turn    (no ring)
MPRegen 0.09/turn

%: no passive effects
@: about to teleport, slowed, very slow
A: no striking features
a: no special abilities


You were on level 2 of the Dungeon.
You visited 1 branch of the dungeon, and saw 2 of its levels.

You collected 80 gold pieces.


   Skills:
 - Level 1.5 Fighting
 + Level 6.9 Ranged Weapons
 - Level 2.4 Dodging
 - Level 1.2 Stealth


You had 2 spell levels left.
You didn't know any spells.
Your spell library was empty.

Inventory:

Hand Weapons
 Y - a +0 shortbow (weapon)
Armour
 a - the +0 robe "Zuannod" {Rampage rF+ Will-}
   (You found it on level 2 of the Dungeon)

   rF:        It protects you from fire.
   Rampage:   It bestows one free step when moving towards enemies.
   Will:      It decreases your willpower.
 g - a +0 ring mail (worn)
Scrolls
 c - 3 scrolls of identify {unknown}
Potions
 d - 2 potions of curing
 e - a potion of might {unknown}

Dungeon Overview and Level Annotations

Branches:
Dungeon (2/15)

Altars:

Annotations:
D:2 Natasha


Message History

Enter note:
Enter note: You shoot an arrow.
The arrow barely misses Natasha.
Natasha stares at you and mumbles some strange words.
You resist with some effort.
You shoot an arrow. The arrow hits Natasha.
Natasha is lightly wounded.
Natasha stares at you and mumbles some strange words.
You feel yourself slow down.
You shoot an arrow. The arrow hits Natasha.
Natasha is heavily wounded.
Natasha casts a spell at you.
You feel as though you will be slow longer.
Natasha mumbles some strange words.
Natasha's front paws start to glow.
You shoot an arrow. The arrow barely misses Natasha.
Natasha howls an incantation.
Natasha's front paws start to glow.
You shoot an arrow.
The arrow hits Natasha but does no damage.
Natasha is heavily wounded.
Natasha claws you.
You shoot an arrow. The arrow hits Natasha.
Natasha is severely wounded.
Natasha drinks a potion.
Natasha is healed!
Natasha claws you but does no damage.
You shoot an arrow. The arrow hits Natasha.
Natasha is lightly wounded.
Natasha claws you. x2
You shoot an arrow. The arrow hits Natasha.
Natasha is moderately wounded.
Natasha claws you. Natasha barely misses you.
You shoot an arrow. The arrow hits Natasha.
Natasha is severely wounded.
Natasha barely misses you. Natasha claws you.
1072 ||| READING scroll of teleportation.
As you read the scroll of teleportation, it crumbles to dust.
You feel strangely unstable. Natasha claws you!
You die...

###'#####.# #####..7#
......# #.# #......7
##....# #.# #......7#
##....###'###.......777
#...........#..........
#...........#.......777
#...........#......7#
#...........#......7
#########'###...@..7
........# #...h...7
.######## #...)....7
####.#..77 #.#.7# #.#.7
#.# 7 #.#


You could see Natasha.

Vanquished Creatures
  3 dart slugs (D:1)
  2 ball pythons (D:1)
  2 endoplasms (D:1)
  3 giant cockroaches
  4 hobgoblins
  4 jackals
  4 bats
  A frilled lizard (D:2)
  4 goblins
  3 kobolds (D:1)
  3 rats
33 creatures vanquished.

Notes
Turn   | Place    | Note
-------+----------+-------------------------------------------
     0 | D:1      | qw the Deep Elf Hunter began the quest for the Orb.
     0 | D:1      | Reached XP level 1. HP: 12/12 MP: 3/3
     0 | D:1      | 0 ||| qw: Version: 0.3-a-22-g0ed2b0b
     0 | D:1      | 0 ||| qw: Game counter: 6022
     0 | D:1      | 0 ||| qw: Melee chars always use a shield: true
     0 | D:1      | 0 ||| qw: God list: Okawaru
     0 | D:1      | 0 ||| qw: Allow faded altars: false
     0 | D:1      | 0 ||| qw: Do Orc after clearing Dungeon:15 true
     0 | D:1      | 0 ||| qw: Do second Lair branch before Depths: true
     0 | D:1      | 0 ||| qw: Lair rune preference: random
     0 | D:1      | 0 ||| qw: Goals: Normal
     0 | D:1      | 0 ||| PLANNING D:1-11
   199 | D:1      | 199 ||| Stepping ~*~*~tactically~*~*~ (outnumbered).
   205 | D:1      | Reached skill level 6 in Ranged Weapons
   205 | D:1      | Reached XP level 2. HP: 16/16 MP: 4/4
   554 | D:1      | Reached XP level 3. HP: 18/20 MP: 5/5
   833 | D:1      | 833 ||| UPGRADING to +0 ring mail.
   843 | D:1      | 843 ||| DROPPING +0 leather armour.
   844 | D:1      | 844 ||| READING scroll labelled HUPTIURYFF.
   845 | D:1      | 845 ||| READING scroll labelled ALYG OWOEG.
   848 | D:1      | 848 ||| DRINKING 3 red potions.
   849 | D:1      | 849 ||| DROPPING scroll of butterflies.
   883 | D:2      | Identified the +0 robe "Zuannod" {Rampage rF+ Will-}
  1062 | D:2      | Noticed Natasha
  1071 | D:2      | HP: 1/20 [Natasha (6)]
  1072 | D:2      | 1072 ||| READING scroll of teleportation.
  1072 | D:2      | Slain by Natasha

Levels and vault maps discovered:
D:1:      sevenhm_arrival_forest_fort_small_6, layout_basic, minmay_tetromino_i4
D:2:      layout_basic, serial_shops, nicolae_shop_window_shopping,
          minmay_stone_trees_large, minmay_misc_feat_more_columns,
          minmay_ruptured, uniq_natasha

Skill      XL: |  1 |
---------------+----+-----
Ranged Weapons | 6 |  6.9
Fighting       | |  1.5
Dodging        | |  2.4
Stealth        | |  1.2

Action                     || total
---------------------------++-------
   Fire: Shortbow          ||   101
    Use: Scroll            ||     3
         Potion            ||     1
 Armour: Leather armour    ||     3
         Ring mail         ||     7
  Dodge: Dodged            ||    20

Table legend:
 A = Non-vault XP
 B = Vault XP
 C = Vault XP percentage of total XP
 D = Non-vault monster count
 E = Vault monster count
 F = Vault count percentage of total count
                 A         B        C        D         E       F
            +---------+---------+-------+---------+---------+-------
      Total |      55 |       7 |  11.3 |      29 |       4 |  12.1
            +---------+---------+-------+---------+---------+-------
        D:1 |      40 |       7 |  14.9 |      20 |       4 |  16.7
        D:2 |      15 |       0 |   0.0 |       9 |       0 |   0.0
            +---------+---------+-------+---------+---------+-------
